 Dungeon Crawl Stone Soup version 0.29-a0-303-ge4682ce883 (webtiles) character file.

Game seed: 15232425671236593346

46 esteth the Skirmisher (level 3, -1/26 HPs)
             Began as an Octopode Fighter on Mar 25, 2022.
             Killed from afar by an orc wizard (2 damage)
             ... with a magic dart
             ... on level 3 of the Dungeon.
             The game lasted 00:02:34 (2094 turns).

esteth the Skirmisher (Octopode Fighter)            Turns: 2094, Time: 00:02:34

Health: -1/26      AC:  5    Str: 15    XL:     3   Next: 68%
Magic:  3/3        EV: 13    Int: 10    God:
Gold:   106        SH:  4    Dex: 13    Spells: 2/2 levels left

rFire   . . .      SeeInvis .     - Unarmed
rCold   . . .      Faith    .   a - +0 buckler
rNeg    . . .      Spirit   .   (helmet restricted)
rPois   +          Reflect  .   (no amulet)
rElec   .          Harm     .   P - ring of poison resistance
rCorr   .          Rampage  .   O - +4 ring of protection
Will    .....                   (no ring)
Stlth   +++.......              (no ring)
HPRegen 0.08/turn               (no ring)
MPRegen 0.08/turn               (no ring)
                                (no ring)
                                (no ring)

@: lethally poisoned (-1 -> -7)
A: almost no armour, amphibious, 8 rings, camouflage 1, gelatinous body 1,
(nimble swimmer 1), tentacles
a: no special abilities


You were on level 3 of the Dungeon.
You visited 1 branch of the dungeon, and saw 3 of its levels.

You collected 106 gold pieces.


Innate Abilities, Weirdness & Mutations

You cannot wear most types of armour.
You are amphibious.
You can wear up to eight rings at the same time.
Your skin changes colour to match your surroundings (Stealth+).
Your rubbery body absorbs attacks. (AC +1, EV +1)
((You are camouflaged when in or above water. (Stealth+)))
You have tentacles for arms and can constrict up to eight enemies at once.


   Skills:
 + Level 3.4 Fighting
 - Level 3.0 Dodging
 + Level 1.4 Stealth
 - Level 3.0 Shields
 * Level 3.2 Unarmed Combat


You had 2 spell levels left.
You didn't know any spells.
Your spell library contained the following spells:

 Spells                   Type           Power      Damage    Failure   Level
 Static Discharge         Conj/Air       0%         N/A       58%         2
 Gell's Gravitas          Tloc           0%         N/A       83%         3
 Teleport Other           Tloc           0%         N/A       83%         3
 Lightning Bolt           Conj/Air       0%         1d11      100%        5
 Dispersal                Tloc           0%         N/A       100%        6
 Maxwell's Capacitive Co  Air            0%         ∞         100%        8

Inventory:

Missiles
 e - 101 stones (quivered)
Armour
 a - a +0 buckler (worn)
Jewellery
 O - a +4 ring of protection (right tentacle)
   (You found it on level 2 of the Dungeon)
 P - a ring of poison resistance (left tentacle)
   (You found it on level 1 of the Dungeon)
Scrolls
 c - 3 scrolls of identify {unknown}
 d - 2 scrolls of blinking {unknown}
 h - a scroll of fear {unknown}
 i - a scroll of acquirement {unknown}
 j - a scroll of magic mapping {unknown}
 k - 2 scrolls of enchant armour {unknown}
Potions
 b - a potion of might
 f - a potion of heal wounds {unknown}
 g - a potion of lignification {unknown}

Dungeon Overview and Level Annotations

Branches:
Dungeon (3/15)

Altars:

Shops:
D:3

= #............#
#.....#
...........#.###.....#
.#..###...##...#.....#
..# #.#..###.......#
.. #.##...........#
... #)########.....##
....##.## ###.#..#
.......<.# #....###
..###...@######
####...# #.....o.o...#
#.#†. #.......oo....#
#....
#...............#
##...
................# #...
................# #...
...............# #...
...............# #...
....)........## #...


You could see an orc wizard and 3 orcs.


Message History

You tentacle-slap the worm. You squeeze the worm! You constrict the worm.
You tentacle-slap the worm but do no damage.
You constrict the worm. The worm bites you but does no damage.
You tentacle-slap the worm.
You kill the worm!
You see here a worm corpse.
There is a stone staircase leading down here.
You open the door.
Found a stone staircase leading up.
There is an open door here. 😎 HP[+11]
Your hp is fully restored (26).
A bat comes into view.
You block the bat's attack.
You miss the bat. Your grab misses the bat. The bat misses you.
The bat closely misses you. The bat barely misses you.
You block the bat's attack. The bat closely misses you.
You tentacle-slap the bat. You grab the bat. You constrict the bat.
You kill the bat!
No target in view!
No target in view!
O - a +4 ring of protection
O - a +4 ring of protection (right tentacle) Done exploring.
Done exploring.
(D) Dungeon
Where to? (Enter - D:2, ? - help)
What level of the Dungeon? (default 1, ? - help)
You see here a +0 dagger.
There is a stone staircase leading down here.
You climb downwards.
There is a stone staircase leading up here.
k - 2 scrolls labelled PEBOPR NYFFI (gained 1)
Found Dude's Jewellery Emporium.
No target in view!
No target in view!
A ball python comes into view.
The helpless ball python fails to defend itself.
You tentacle-slap the ball python. Your grab misses the ball python.
The ball python misses you. The ball python grabs you.
The ball python constricts you. 😕 HP[-1]
You take 1 damage, and now have 25/26 hp.
You tentacle-slap the ball python.
You kill the ball python!
No target in view!
There is an entrance to Dude's Jewellery Emporium here.
e - 101 stones (gained 16)
A ball python comes into view. 😎 HP[+1]
Your hp is fully restored (26).
A ball python is nearby!
You barely miss the ball python. Your grab misses the ball python.
The ball python closely misses you. The ball python barely misses you.
You bludgeon the ball python!
You kill the ball python!
No target in view!
You see here a ball python corpse.
You now have 94 gold pieces (gained 14).
You now have 106 gold pieces (gained 12).
Found an escape hatch in the ceiling.
You see here a +0 short sword.
An orc comes into view. It is wielding a +0 dagger.
An orc is nearby!
An orc comes into view. It is wielding a +2 hand axe of venom.
An orc wizard and 2 orcs come into view.
The orc shouts! x3; The orc wizard shouts!
The orc wizard gestures at you while chanting.
You resist with significant effort.
You tentacle-slap the orc wizard. Your grab misses the orc wizard.
The orc wizard misses you.
You tentacle-slap the orc wizard but do no damage.
Your grab misses the orc wizard. You block the orc's attack.
You tentacle-slap the orc. Your grab misses the orc. You barely miss the orc.
You grab the orc. You squeeze the orc.
You kill the orc!
The orc closely misses you. You block the orc wizard's attack.
The orc closely misses you. x2
You barely miss the orc wizard. Your grab misses the orc wizard.
Your squeeze misses the orc wizard.
The orc hits you with a +2 hand axe of venom!
You are poisoned.
The orc wizard casts a spell at you. The puff of flame hits you!
Ouch! That really hurt!
* * * LOW HITPOINT WARNING * * *
The orc hits you with a +0 flail.
* * * LOW HITPOINT WARNING * * *
You block the orc's attack. 😱 HP[-23]
You take 23 damage, and now have 3/26 hp.
MASSIVE DAMAGE!! (PAUSE)
Okay, then.
* * * LOW HITPOINT WARNING * * *
You feel sick.
The orc wizard gestures at you while chanting.
The magic dart hits you.
You die...

Skill      XL: |  1  2 |
---------------+-------+-----
Stealth        | 1 |  1.4
Unarmed Combat | 3 |  3.2
Fighting       | |  3.4
Dodging        | |  3.0
Shields        | |  3.0

Action                   || total
-------------------------++-------
Melee: Unarmed           ||    74
       Constrict         ||    16
       Tentacles         ||    14
       Punch             ||     2
 Stab: Sleeping          ||     6
Armor: Skin              ||     2
Dodge: Dodged            ||    43
Block: Buckler           ||    12

Levels and vault maps discovered:
D:1:      minmay_arrival_diagonal_passages, layout_basic,
          hellmonk_ecumenical_altar_crossroads, minmay_split_cup_small
D:2:      layout_loops_corners
D:3:      layout_rooms, serial_shops, shop

Notes
Turn   | Place    | Note
-------+----------+-------------------------------------------
     0 | D:1      | esteth the Octopode Fighter began the quest for the Orb.
     0 | D:1      | Reached XP level 1. HP: 16/16 MP: 1/1
     0 | D:1      | magus.rc [v1.11.3]
    81 | D:1      | You add the spells Gell's Gravitas, Teleport Other and
                  | Dispersal to your library.
   218 | D:1      | Reached XP level 2. HP: 9/21 MP: 2/2
   549 | D:1      | Found a faded altar of an unknown god.
  1103 | D:2      | Reached skill level 1 in Stealth
  1103 | D:2      | Reached skill level 3 in Unarmed Combat
  1103 | D:2      | Reached XP level 3. HP: 17/26 MP: 3/3
  1230 | D:2      | You pick up a book of Lightning and begin reading...
  1230 | D:2      | You add the spells Static Discharge, Lightning Bolt and
                  | Maxwell's Capacitive Coupling to your library.
  2002 | D:3      | Found Dude's Jewellery Emporium.
  2093 | D:3      | HP: 6/26 [orc wizard/puff of flame (13)]
  2094 | D:3      | HP: 1/26 [poisoned by an orc]
  2094 | D:3      | Killed from afar by an orc wizard

Vanquished Creatures
  An adder (D:2)
  A worm (D:2)
  An orc (D:3)
  5 ball pythons
  3 endoplasms
  A giant cockroach (D:1)
  3 goblins
  A hobgoblin (D:1)
  3 kobolds (D:1)
  2 quokkas (D:1)
  5 bats
  2 frilled lizards
  5 rats
33 creatures vanquished.

Table legend:
 A = Non-vault XP
 B = Vault XP
 C = Vault XP percentage of total XP
 D = Non-vault monster count
 E = Vault monster count
 F = Vault count percentage of total count
                 A         B        C        D         E       F
            +---------+---------+-------+---------+---------+-------
      Total |      61 |       6 |   9.0 |      30 |       3 |   9.1
            +---------+---------+-------+---------+---------+-------
        D:1 |      21 |       6 |  22.2 |      13 |       3 |  18.8
        D:2 |      35 |       0 |   0.0 |      14 |       0 |   0.0
        D:3 |       5 |       0 |   0.0 |       3 |       0 |   0.0
            +---------+---------+-------+---------+---------+-------

Illustrated notes

Table legend:
 A = Kills in this place as a percentage of kills in entire the game.
 B = Kills by you in this place as a percentage of kills by you in the entire game.
 C = Kills by friends in this place as a percentage of kills by friends in the entire game.
 D = Other kills in this place as a percentage of other kills in the entire game.
 E = Experience gained in this place as a percentage of experience gained in the entire game.
 F = Experience gained in this place divided by the number of levels of this place that you have seen.
                   A       B       C       D       E      F
               +-------+-------+-------+-------+-------+----------------------
         Total | 100.0 | 100.0 |   N/A |   N/A | 100.0 |  22.3
       Dungeon | 100.0 | 100.0 |   N/A |   N/A | 100.0 |  22.3
               +-------+-------+-------+-------+-------+----------------------

Table legend: (Time is in decaauts)
 A = Elapsed time spent in this place.
 B = Non-inter-level travel time spent in this place.
 C = Inter-level travel time spent in this place.
 D = Time resting spent in this place.
 E = Time spent auto-exploring this place.
 F = Levels seen in this place.
 G = Mean time per level.
                   A        B        C        D        E       F      G
               +--------+--------+--------+--------+--------+-----+--------+
         Total |   2092 |   2023 |     69 |     87 |   1676 |   3 |  697.3 |
       Dungeon |   2092 |   2023 |     69 |     87 |   1676 |   3 |  697.3 |
               +--------+--------+--------+--------+--------+-----+--------+

Top non-repeatable levels by time:
     D:2: 1007 daAuts
     D:1: 982 daAuts
     D:3: 101 daAuts
